 Dungeon Crawl Stone Soup version 0.27-a0-1565-gad902ab807 (webtiles) character file.

Game seed: 17229795740527262179

93 Demosthentine the Poker (level 4, -2/35 HPs)
             Began as a Merfolk Gladiator on July 17, 2021.
             Succumbed to an orc wizard's poison
             ... on level 3 of the Dungeon.
             The game lasted 00:01:11 (2051 turns).

Demosthentine the Poker (Merfolk Gladiator)         Turns: 2051, Time: 00:01:12

Health: -2/35      AC:  5    Str: 15    XL:     4   Next: 62%
Magic:  4/4        EV: 13    Int:  7    God:
Gold:   62         SH:  0    Dex: 15    Spells: 3/3 levels left

rFire    . . .     SeeInvis .   a - +0 trident
rCold    . . .     Faith    .   (no shield)
rNeg     . . .     Spirit   .   b - +0 leather armour
rPois    .         Reflect  .   c - +1 helmet
rElec    .         Harm     .   (no cloak)
rCorr    .         Rampage  .   (no gloves)
Will     .....                  (no boots)
Stlth    +.........             (no amulet)
HPRegen  0.11/turn              (no ring)
MPRegen  0.09/turn              (no ring)

@: lethally poisoned (-2 -> -26), flying, hasted, invisible, very quick
A: (nimble swimmer 2), mertail
a: no special abilities


You were on level 3 of the Dungeon.
You visited 1 branch of the dungeon, and saw 3 of its levels.

You collected 62 gold pieces.

Inventory:

Hand Weapons
 a - a +0 trident (weapon)
Missiles
 d - 3 throwing nets (quivered)
Armour
 b - a +0 leather armour (worn)
 c - a +1 helmet (worn)
Jewellery
 g - a +4 ring of evasion
 k - an amulet of regeneration


   Skills:
 + Level 3.2 Fighting
 + Level 5.4 Polearms
 - Level 2.0 Throwing
 + Level 1.2 Armour
 + Level 4.8 Dodging


You had 3 spell levels left.
You didn't know any spells.
Your spell library was empty.

Dungeon Overview and Level Annotations

Branches:
Dungeon (3/15)

Altars:


Innate Abilities, Weirdness & Mutations

((You are quick and stealthy near water. (Stealth+, EV+, Speed+++)))
Your lower body shifts to a powerful aquatic tail in water.


Message History

The orc wizard flickers and vanishes!
Deactivating autopickup; reactivate with Ctrl-A.
The orc closely misses you.
You puncture the orc!
You kill the orc!
The jackal bites you.
You hit the jackal.
You kill the jackal!
You closely miss the jackal.
The jackal bites you but does no damage.
You hit the jackal.
The jackal is moderately wounded.
The jackal barely misses you. The jackal misses you.
You puncture the jackal!
You kill the jackal!
You miss something. Something hits you.
You are poisoned.
You hit something but do no damage.
You feel very sick. Something hits you.
You miss something.
You feel sick. Something barely misses you.
You closely miss something.
You feel sick.
You hear some strange, mumbled words.
A puff of flame appears from out of thin air!
The puff of flame hits you.
* * * LOW HITPOINT WARNING * * *
You puncture something!
You feel sick. Something completely misses you.
It was a potion of haste.
You feel yourself speed up.
You feel sick. Something hits you.
* * * LOW HITPOINT WARNING * * *
You are lethally poisoned!
It was a potion of flight.
You feel very buoyant.
You fly up into the air.
* * * LOW HITPOINT WARNING * * *
You feel sick. Something hits you but does no damage.
You are more poisoned.
It was a potion of invisibility.
You fade into invisibility!
You die...

#....##.## #.##....#.. #....
#.## #.##....#.. #....
#..######.##....#..
##.#####.##.........#.#..
#.#.# #..#.###.###.#.#.. #
..# ##.#...#.##..#.#.. #.#
#..##.#.##.##.#..
#######.#####.##.#.##.##.##.
#.......oo{@.....#.##.##.###
#......#######.###.##....#
+.......+..............####
##......########.##.##.###
........# #.........#
...h...<# ##...##.#.#
..o###### #####......#.####
[o. #....#..####..... ..
#....#..# #.####


You could see an orc wizard and an orc.

Vanquished Creatures
  4 adders
  A dart slug (D:1)
  5 orcs (D:3)
  A ball python (D:3)
  2 endoplasms
  A giant cockroach (D:2)
  2 goblins (D:1)
  3 hobgoblins
  7 jackals
  2 kobolds
  6 quokkas
  5 bats
  4 frilled lizards
  3 rats
46 creatures vanquished.

Notes
Turn   | Place    | Note
-------+----------+-------------------------------------------
     0 | D:1      | Demosthentine the Merfolk Gladiator began the quest for the
                  | Orb.
     0 | D:1      | Reached XP level 1. HP: 16/16 MP: 1/1
   125 | D:1      | Reached XP level 2. HP: 21/23 MP: 2/2
   861 | D:2      | Reached XP level 3. HP: 27/28 MP: 3/3
  1106 | D:2      | Reached skill level 5 in Polearms
  1238 | D:2      | Reached skill level 1 in Armour
  1432 | D:3      | Reached XP level 4. HP: 31/34 MP: 4/4
  2051 | D:3      | Succumbed to an orc wizard's poison

Illustrated notes

Levels and vault maps discovered:
D:1:      saegor_arrival_simple_d, layout_basic
D:2:      layout_rooms
D:3:      layout_basic, uniq_terence

Skill      XL: |  1  2  3  4 |
---------------+-------------+-----
Polearms       | 5 |  5.4
Armour         | 1 |  1.2
Fighting       | 3 |  3.2
Throwing       | |  2.0
Dodging        | |  4.8

Action                   |  1- 3 |  4- 6 || total
-------------------------+-------+-------++-------
Melee: Trident           |    88 |    52 ||   140
  Use: Scroll            |     1 |       ||     1
       Potion            |       |     5 ||     5
 Stab: Sleeping          |     2 |     1 ||     3
Armor: Leather armour    |    16 |     8 ||    24
Dodge: Dodged            |    47 |    30 ||    77

Table legend: (Time is in decaauts)
 A = Elapsed time spent in this place.
 B = Non-inter-level travel time spent in this place.
 C = Inter-level travel time spent in this place.
 D = Time resting spent in this place.
 E = Time spent auto-exploring this place.
 F = Levels seen in this place.
 G = Mean time per level.
                   A        B        C        D        E       F      G
               +--------+--------+--------+--------+--------+-----+--------+
         Total |   2055 |   2015 |     40 |      0 |   1750 |   3 |  685.0 |
       Dungeon |   2055 |   2015 |     40 |      0 |   1750 |   3 |  685.0 |
               +--------+--------+--------+--------+--------+-----+--------+

Top non-repeatable levels by time:
     D:1: 834 daAuts
     D:3: 683 daAuts
     D:2: 538 daAuts
